[Event "84th ESP-ch 2019"]
[Site "Marbella"]
[Date "2019.11.21"]
[Round "6.33"]
[White "Sosa Suarez, Carla Cristina"]
[Black "Hernandez Roldan, Miguel"]
[Result "0-1"]
[ECO "B75"]
[WhiteElo "2022"]
[BlackElo "2229"]
[Annotator "ChessBase"]
[PlyCount "108"]
[EventDate "2019.11.16"]
[EventType "swiss"]
[EventCountry "ESP"]
[SourceTitle "playchess.com"]
[Source "ChessBase"]
[SourceQuality "1"]
[TimeControl "5400+30"]

1. e4 c5 2. Nf3 d6 3. d4 cxd4 4. Nxd4 Nf6 5. Nc3 g6 6. Be3 Bg7 7. f3 a6 8. Bc4 b5 9. Bb3 Bb7 10. a4 b4 11. Nd5 Nxd5 12. Bxd5 Bxd5 13. exd5 Qa5 14. Nb3 Qc7 15. Bd4 O-O 16. Bxg7 Kxg7 17. Qd4+ Kg8 18. Rc1 Nd7 19. O-O Qb6 20. Rfd1 Rfc8 21. a5 Qxd4+ 22. Nxd4 Nf6 23. Nb3 Rab8 24. Rd2 Kf8 25. g4 Rb5 26. Rcd1 Nd7 27. Kf2 Ne5 28. Re2 Rc7 29. Rd4 Nc4 30. g5 Nxb2 31. Kg3 Rc4 32. Ree4 Rxd4 33. Rxd4 Ke8 34. Nc1 Kd7 35. Na2 Rxa5 36. Nxb4 Ra4 37. Nc6 Rxd4 38. Nxd4 Nd1 39. Kf4 Nc3 40. Nb3 Nxd5+ 41. Ke4 e6 42. c4 Nb6 43. c5 d5+ 44. Ke5 Nc4+ 45. Kf6 a5 46. Kxf7 a4 47. Nc1 a3 48. Kg7 d4 49. Kxh7 d3 50. Nxd3 a2 51. c6+ Kc7 52. Kxg6 a1=Q 53. Kh7 Qb1 54. g6 Qxd3 0-1

[Event "84th ESP-ch 2019"]
[Site "Marbella"]
[Date "2019.11.21"]
[Round "6.34"]
[White "Martin Hernandez, Ruben"]
[Black "Hernandez Perez, Jesus"]
[Result "1-0"]
[ECO "A04"]
[WhiteElo "2206"]
[BlackElo "1956"]
[Annotator "ChessBase"]
[PlyCount "47"]
[EventDate "2019.11.16"]
[EventType "swiss"]
[EventCountry "ESP"]
[SourceTitle "playchess.com"]
[Source "ChessBase"]
[SourceQuality "1"]
[TimeControl "5400+30"]

1. Nf3 e6 2. c4 f5 3. g3 Nf6 4. Bg2 d5 5. O-O c6 6. d3 dxc4 7. dxc4 Qxd1 8. Rxd1 Bc5 9. Nc3 O-O 10. Bf4 Nbd7 11. Na4 Be7 12. Ne5 Nxe5 13. Bxe5 Nd7 14. Bd6 Kf7 15. b3 Bf6 16. Rac1 Re8 17. e4 Nb6 18. Nc5 e5 19. exf5 Rd8 20. g4 g6 21. Ne4 gxf5 22. Nxf6 Kxf6 23. Bxe5+ Ke7 24. Bf6+ 1-0

[Event "84th ESP-ch 2019"]
[Site "Marbella"]
[Date "2019.11.21"]
[Round "6.35"]
[White "Rodriguez Reinoso, Victoriano"]
[Black "Sanchez Elena, Lucia"]
[Result "1/2-1/2"]
[ECO "A05"]
[WhiteElo "2204"]
[BlackElo "1662"]
[Annotator "ChessBase"]
[PlyCount "63"]
[EventDate "2019.11.16"]
[EventType "swiss"]
[EventCountry "ESP"]
[SourceTitle "playchess.com"]
[Source "ChessBase"]
[SourceQuality "1"]
[TimeControl "5400+30"]

1. Nf3 Nf6 2. c4 e6 3. g3 d5 4. b3 Be7 5. Bg2 O-O 6. Bb2 a5 7. O-O a4 8. d4 a3 9. Bc1 c6 10. c5 b6 11. b4 Na6 12. Bxa3 Qc7 13. Qd3 Nd7 14. Rc1 e5 15. cxb6 Qxb6 16. dxe5 Bxb4 17. Bxb4 Nxb4 18. Qd2 Nc5 19. Nc3 Bf5 20. Nd4 Bg6 21. a3 Nba6 22. Ra2 Nd3 23. exd3 Qxd4 24. Ne2 Qxd3 25. Qxd3 Bxd3 26. Rxc6 Nb4 27. Rd2 Nxc6 28. Rxd3 Nxe5 29. Rxd5 Rfe8 30. Rxe5 Rxe5 31. Bxa8 Rxe2 32. Bc6 1/2-1/2

[Event "84th ESP-ch 2019"]
[Site "Marbella"]
[Date "2019.11.21"]
[Round "6.36"]
[White "Juan Mas, Santiago"]
[Black "Represa Perez, Mireya"]
[Result "0-1"]
[ECO "B21"]
[WhiteElo "1930"]
[BlackElo "2189"]
[Annotator "ChessBase"]
[PlyCount "36"]
[EventDate "2019.11.16"]
[EventType "swiss"]
[EventCountry "ESP"]
[SourceTitle "playchess.com"]
[Source "ChessBase"]
[SourceQuality "1"]
[TimeControl "5400+30"]

1. e4 c5 2. d4 cxd4 3. c3 dxc3 4. Nxc3 Nc6 5. Nf3 d6 6. Bc4 e6 7. O-O Be7 8. Qe2 Nf6 9. Rd1 e5 10. Be3 O-O 11. b4 a6 12. Rac1 Bg4 13. Nd5 Nxd5 14. Bxd5 Nxb4 15. Bxb7 Rb8 16. Bxa6 d5 17. Bc5 Bxc5 18. Rxc5 Qb6 0-1

[Event "84th ESP-ch 2019"]
[Site "Marbella"]
[Date "2019.11.21"]
[Round "6.40"]
[White "Maceira Moya, Nery"]
[Black "Medina Romero, Jose"]
[Result "0-1"]
[ECO "E63"]
[WhiteElo "1773"]
[BlackElo "2083"]
[Annotator "NA"]
[PlyCount "84"]
[EventDate "2019.11.16"]
[EventType "swiss"]
[EventCountry "ESP"]
[SourceTitle "playchess.com"]
[Source "ChessBase"]
[SourceQuality "1"]
[TimeControl "5400+30"]

1. Nf3 g6 2. g3 Bg7 3. d4 Nf6 4. Bg2 O-O 5. c4 d6 6. O-O a6 7. Nc3 Nc6 8. e4 e5 9. d5 {[%emt 0:05:11] E63: King's Indian: Fianchetto: Panno Variation with 7...a6} Na5 (9... Ne7 10. Ne1 b5 11. cxb5 axb5 12. Nc2 {½-½ (12) Blagojevic,D (2518)-Vovk,A (2622) Gallipoli 2014}) 10. b3 c5 11. Bd2 Bd7 12. Qe2 Rb8 $146 ({Predecessor:} 12... Qc7 13. Rfb1 Rfb8 14. a4 b6 15. Ne1 Nb7 16. Nd3 a5 {1-0 (45) Koay,Y (1641)-Lim,F (1538) Penang 2019}) 13. Na4 b5 14. Nb2 h6 15. Rfc1 Nb7 16. Ne1 Ne8 17. f4 exf4 18. Bxf4 bxc4 19. bxc4 Bd4+ 20. Kh1 (20. Be3 $11) 20... Qf6 (20... Nf6 $15) 21. Ned3 Na5 (21... g5 $11 {remains equal.} 22. Be3 Qg7) 22. Rab1 h5 23. Qd2 Qd8 24. e5 (24. Bg5 $16 f6 25. Be3) 24... dxe5 25. Nxe5 Bf5 26. Nbd3 Rxb1 27. Rxb1 Bxe5 28. Bxe5 Nxc4 29. Qd1 Bxd3 30. Rb8 Qe7 $19 31. Bf4 Be4 32. Qc1 Bxg2+ 33. Kxg2 Qe4+ 34. Kg1 Qd4+ 35. Kg2 Qxd5+ 36. Kg1 Qd4+ 37. Kg2 Nf6 38. Rb3 Re8 39. Rf3 Re2+ 40. Kf1 Rxh2 41. Be3 Nxe3+ 42. Rxe3 Rh1+ 0-1

[Event "84th ESP-ch 2019"]
[Site "Marbella"]
[Date "2019.11.21"]
[Round "6.42"]
[White "Ruiz Bellon, Manuel"]
[Black "Silva Lucena, Cristian"]
[Result "0-1"]
[ECO "A04"]
[WhiteElo "1994"]
[BlackElo "2244"]
[Annotator "ChessBase"]
[PlyCount "78"]
[EventDate "2019.11.16"]
[EventType "swiss"]
[EventCountry "ESP"]
[SourceTitle "playchess.com"]
[Source "ChessBase"]
[SourceQuality "1"]
[TimeControl "5400+30"]

1. Nf3 d6 2. g3 e5 3. d3 g6 4. Bg2 Bg7 5. c4 Nf6 6. Nc3 Nc6 7. Bg5 h6 8. Bd2 O-O 9. O-O Re8 10. Qc2 Bg4 11. Be3 Qd7 12. Rac1 Kh7 13. a3 a5 14. Nd5 Ne7 15. Nxe7 Rxe7 16. c5 Nd5 17. Bd2 c6 18. cxd6 Qxd6 19. Qc5 Qxc5 20. Rxc5 a4 21. Rfc1 Nc7 22. Ra5 Rxa5 23. Bxa5 e4 24. dxe4 Bxb2 25. Rb1 Bxa3 26. Rxb7 Nb5 27. Rb6 Bd7 28. Nd2 Bc5 29. Ra6 a3 30. Bd8 Re8 31. Bf6 Bb4 32. Nc4 c5 33. Ba1 Be6 34. Ne5 a2 35. Nd3 Na3 36. e5 Nc2 37. Bb2 Ba3 38. Bc3 Rb8 39. Be4 Rb3 0-1

[Event "84th ESP-ch 2019"]
[Site "Marbella"]
[Date "2019.11.22"]
[Round "7.3"]
[White "Gines Esteo, Pedro Antonio"]
[Black "Narciso Dublan, Marc"]
[Result "0-1"]
[ECO "A06"]
[WhiteElo "2463"]
[BlackElo "2517"]
[Annotator "ChessBase"]
[PlyCount "136"]
[EventDate "2019.11.16"]
[EventType "swiss"]
[EventCountry "ESP"]
[SourceTitle "playchess.com"]
[Source "ChessBase"]
[SourceQuality "1"]
[TimeControl "5400+30"]

1. Nf3 d5 2. g3 Bg4 3. Bg2 Nd7 4. c4 e6 5. Qb3 Nc5 6. Qe3 c6 7. d4 Nd7 8. Nbd2 Ngf6 9. h3 Bh5 10. Nh4 dxc4 11. g4 Nd5 12. Qg3 Nb4 13. Be4 Nf6 14. Bb1 Bg6 15. Nxg6 hxg6 16. a3 Na6 17. g5 Nh5 18. Qg4 Nc7 19. Be4 Nb5 20. e3 Nd6 21. Bg2 Be7 22. h4 Qa5 23. O-O Qf5 24. Qe2 Qc2 25. a4 f6 26. Ra3 fxg5 27. hxg5 Qf5 28. Nxc4 Nxc4 29. e4 Nf4 30. Qxc4 Qg4 31. Bxf4 Bxa3 32. Be5 Be7 33. Qb3 O-O-O 34. d5 exd5 35. exd5 Rxd5 36. Bg3 Rhd8 37. Bxd5 Rxd5 38. Re1 Qxg5 39. Qf3 Bd8 40. Re8 Qh5 41. Kg2 Qxf3+ 42. Kxf3 Kd7 43. Rg8 Bf6 44. Rb8 Rd3+ 45. Ke4 Rb3 46. a5 Rxb2 47. a6 bxa6 48. Ra8 Rb7 49. Bb8 a5 50. Bxa7 Rb4+ 51. Kd3 Rb5 52. Kc4 Rb4+ 53. Kd3 Ke6 54. Bc5 Rb3+ 55. Ke4 Rb5 56. Bf8 Re5+ 57. Kd4 Rd5+ 58. Kc4 Rd8 59. Rxd8 Bxd8 60. Bxg7 Bf6 61. Bh6 Be7 62. Bd2 a4 63. Be3 a3 64. Kb3 Kd5 65. f3 Bb4 66. Bh6 c5 67. Bg7 Ke6 68. Kc4 Kf5 {[%emt 0:00:16] Kd4 Ke5+} 0-1

[Event "84th ESP-ch 2019"]
[Site "Marbella"]
[Date "2019.11.22"]
[Round "7.6"]
[White "Salgado Lopez, Ivan"]
[Black "Alsina Leal, Daniel"]
[Result "1-0"]
[ECO "B24"]
[WhiteElo "2594"]
[BlackElo "2467"]
[Annotator "ChessBase"]
[PlyCount "165"]
[EventDate "2019.11.16"]
[EventType "swiss"]
[EventCountry "ESP"]
[SourceTitle "playchess.com"]
[Source "ChessBase"]
[SourceQuality "1"]
[TimeControl "5400+30"]

1. e4 c5 2. Nc3 Nc6 3. Nf3 e5 4. Bc4 Be7 5. d3 d6 6. a4 Nf6 7. Bd2 O-O 8. O-O Nd4 9. Nxd4 cxd4 10. Nd5 Nxd5 11. Bxd5 Be6 12. Bxe6 fxe6 13. Qg4 Rf6 14. c3 Qb6 15. Qe2 Rc8 16. Rab1 Qa6 17. cxd4 exd4 18. b3 b5 19. a5 Qb7 20. Bb4 a6 21. Rbc1 Rff8 22. Qg4 Qd7 23. g3 Rfe8 24. Kg2 Bf8 25. Ba3 g6 26. Bb4 Rxc1 27. Rxc1 Rc8 28. Rxc8 Qxc8 29. e5 dxe5 30. Bxf8 Kxf8 31. Qe4 Kf7 32. Qxe5 Qc3 33. Qe4 Qxb3 34. Qb7+ Kf6 35. Qxa6 b4 36. Qb7 Qd5+ 37. Qxd5 exd5 38. a6 b3 39. a7 b2 40. a8=Q b1=Q 41. Qh8+ Ke6 42. Qxd4 h5 43. Qe3+ Kf7 44. Qf4+ Ke6 45. Qe3+ Kf7 46. d4 Qa2 47. Qe5 Qc4 48. h3 Qa2 49. g4 hxg4 50. hxg4 Qc4 51. Kg3 Qc6 52. f3 Qd7 53. Kh4 Qd8+ 54. g5 Kg8 55. Qe6+ Kg7 56. Kg4 Qa8 57. Qf6+ Kh7 58. Qf7+ Kh8 59. Qxg6 Qa2 60. Qf6+ Kg8 61. Kg3 Qa5 62. Kg4 Qa2 63. Kf5 Qc2+ 64. Ke5 Qe2+ 65. Kxd5 Qb5+ 66. Ke6 Qa6+ 67. Kf5 Qd3+ 68. Kg4 Qd2 69. Qf4 Qg2+ 70. Kf5 Qh3+ 71. Ke5 Qd7 72. Qf6 Qc7+ 73. Qd6 Qg7+ 74. Kf4 Qf7+ 75. Kg3 Qf5 76. Qd8+ Kh7 77. Qe7+ Kg8 78. Qe4 Qd7 79. d5 Qc7+ 80. Qf4 Qa5 81. Qe4 Qc7+ 82. Kg4 Qh2 83. Qe6+ 1-0

[Event "84th ESP-ch 2019"]
[Site "Marbella"]
[Date "2019.11.22"]
[Round "7.7"]
[White "Santos Latasa, Jaime"]
[Black "Huerga Leache, Mikel"]
[Result "1-0"]
[ECO "E49"]
[WhiteElo "2581"]
[BlackElo "2456"]
[Annotator "ChessBase"]
[PlyCount "71"]
[EventDate "2019.11.16"]
[EventType "swiss"]
[EventCountry "ESP"]
[SourceTitle "playchess.com"]
[Source "ChessBase"]
[SourceQuality "1"]
[TimeControl "5400+30"]

1. d4 Nf6 2. c4 e6 3. Nc3 Bb4 4. e3 O-O 5. Bd3 d5 6. a3 Bxc3+ 7. bxc3 c5 8. cxd5 exd5 9. Ne2 Re8 10. O-O b6 11. f3 Nc6 12. g4 h5 13. h3 g6 14. Ra2 Kg7 15. Ng3 Qd6 16. Rg2 hxg4 17. hxg4 Rh8 18. Ne2 Bd7 19. Qe1 a5 20. a4 Nd8 21. e4 dxe4 22. Bf4 Qe6 23. Be5 exd3 24. Nf4 Qc6 25. g5 Kg8 26. Bxf6 Qd6 27. Qg3 Ne6 28. Rh2 Rxh2 29. Qxh2 Ng7 30. Bxg7 f6 31. Bxf6 d2 32. Qh8+ Kf7 33. Qg7+ Ke8 34. Qg8+ Qf8 35. Qxg6+ Qf7 36. Qe4+ 1-0

[Event "84th ESP-ch 2019"]
[Site "Marbella"]
[Date "2019.11.22"]
[Round "7.8"]
[White "Ibarra Jerez, Jose Carlos"]
[Black "Merario Alarcon, Andres"]
[Result "1-0"]
[ECO "C29"]
[WhiteElo "2540"]
[BlackElo "2394"]
[Annotator "ChessBase"]
[PlyCount "109"]
[EventDate "2019.11.16"]
[EventType "swiss"]
[EventCountry "ESP"]
[SourceTitle "playchess.com"]
[Source "ChessBase"]
[SourceQuality "1"]
[TimeControl "5400+30"]

1. e4 e5 2. Nc3 Nf6 3. f4 d5 4. fxe5 Nxe4 5. Qf3 Nc6 6. Bb5 Nxc3 7. dxc3 Qh4+ 8. g3 Qe4+ 9. Qxe4 dxe4 10. Bxc6+ bxc6 11. Be3 Be7 12. Ne2 h5 13. Nd4 Bc5 14. Bg5 Bxd4 15. cxd4 Bg4 16. Kf2 f6 17. exf6 gxf6 18. Bf4 O-O-O 19. Ke3 Rd7 20. h3 Bf3 21. Rh2 Rhd8 22. Rd2 c5 23. c3 Kb7 24. b4 cxb4 25. cxb4 c6 26. Rc1 Rd5 27. a4 a6 28. Rc4 R8d7 29. Kf2 Rf5 30. Ke3 Rfd5 31. Rc1 Rd8 32. Rc4 R8d7 33. Ra2 Re7 34. Ra1 Bg2 35. Rac1 Re6 36. h4 Bf3 37. Rc5 Rxc5 38. bxc5 Ka7 39. Bd6 Re8 40. Rb1 Bg2 41. Rb6 Rc8 42. Rb2 Bf3 43. a5 Re8 44. Rb6 Rc8 45. Rb1 Re8 46. Rb2 Rc8 47. Rb6 Bg2 48. Kf2 Bf3 49. Ke3 Bg2 50. Bf4 Bf3 51. d5 cxd5 52. Kd4 f5 53. c6 Be2 54. c7 Bb5 55. Rb8 1-0

[Event "84th ESP-ch 2019"]
[Site "Marbella"]
[Date "2019.11.22"]
[Round "7.9"]
[White "Arizmendi Martinez, Julen Luis"]
[Black "Rahal, Michael A"]
[Result "1-0"]
[ECO "C08"]
[WhiteElo "2517"]
[BlackElo "2309"]
[Annotator "ChessBase"]
[PlyCount "101"]
[EventDate "2019.11.16"]
[EventType "swiss"]
[EventCountry "ESP"]
[SourceTitle "playchess.com"]
[Source "ChessBase"]
[SourceQuality "1"]
[TimeControl "5400+30"]

1. e4 e6 2. d4 d5 3. Nd2 c5 4. exd5 exd5 5. Bb5+ Bd7 6. Bxd7+ Qxd7 7. dxc5 Bxc5 8. Nb3 Bb6 9. a4 a6 10. a5 Ba7 11. Qe2+ Qe6 12. Nf3 Nc6 13. Bg5 h6 14. Bh4 Nge7 15. Bxe7 Kxe7 16. Ra4 Rhe8 17. Nfd4 Bxd4 18. Nxd4 Nxd4 19. Rxd4 Kd6 20. Qxe6+ Rxe6+ 21. Kd2 Rae8 22. Rf4 f6 23. Ra1 R8e7 24. Kd3 Kc5 25. b3 g6 26. g4 h5 27. gxh5 g5 28. Rf5 Rh7 29. Ra4 Rxh5 30. Rc4+ Kd6 31. Rd4 Rh3+ 32. f3 Rxh2 33. Rfxd5+ Kc7 34. Rd7+ Kc6 35. Rd8 Kc7 36. R8d7+ Kc6 37. Rd8 Kc7 38. R4d7+ Kc6 39. Rf7 Rf2 40. Rc8+ Kd6 41. Rxb7 Rxf3+ 42. Kd4 Rf4+ 43. Kc3 Re3+ 44. Kb2 g4 45. Rb6+ Kd7 46. Rg8 Ke7 47. Rxa6 Kf7 48. Raa8 Re7 49. a6 f5 50. Raf8+ Ke6 51. Re8 1-0

[Event "84th ESP-ch 2019"]
[Site "Marbella"]
[Date "2019.11.22"]
[Round "7.10"]
[White "Del Rio De Angelis, Salvador G."]
[Black "Alvarez Fernandez, Enrique"]
[Result "1-0"]
[ECO "D19"]
[WhiteElo "2502"]
[BlackElo "2349"]
[Annotator "ChessBase"]
[PlyCount "93"]
[EventDate "2019.11.16"]
[EventType "swiss"]
[EventCountry "ESP"]
[SourceTitle "playchess.com"]
[Source "ChessBase"]
[SourceQuality "1"]
[TimeControl "5400+30"]

1. d4 d5 2. c4 c6 3. Nf3 Nf6 4. Nc3 dxc4 5. a4 Bf5 6. e3 e6 7. Bxc4 Bb4 8. O-O O-O 9. Qe2 Nbd7 10. Nh4 Nb6 11. Bb3 a5 12. f3 Nfd5 13. Nxf5 exf5 14. Qd3 Ne7 15. Na2 Bd6 16. Bd2 Qc7 17. Kh1 Qd7 18. Rac1 Bc7 19. Nc3 Nbd5 20. Ne2 Qd6 21. g3 Nb4 22. Qc4 Qh6 23. Rcd1 Qh5 24. Kg2 Nbd5 25. e4 Nf6 26. Qd3 Rad8 27. Nf4 Bxf4 28. Bxf4 Ng6 29. Bc1 fxe4 30. fxe4 Rfe8 31. h3 Rxe4 32. Rxf6 Rexd4 33. Bxf7+ Kh8 34. Bxg6 Rxd3 35. Rxd3 Qe2+ 36. Rf2 Qe7 37. Rxd8+ Qxd8 38. Bc2 Qd5+ 39. Kh2 Kg8 40. Bd2 h6 41. Bc3 b5 42. axb5 cxb5 43. Rd2 Qa8 44. Rd7 b4 45. Bb3+ Kf8 46. Bxg7+ Ke8 47. Ba4 1-0

[Event "84th ESP-ch 2019"]
[Site "Marbella"]
[Date "2019.11.22"]
[Round "7.11"]
[White "Serarols Mabras, Bernat"]
[Black "Asis Gargatagli, Hipolito"]
[Result "0-1"]
[ECO "A56"]
[WhiteElo "2367"]
[BlackElo "2497"]
[Annotator "ChessBase"]
[PlyCount "60"]
[EventDate "2019.11.16"]
[EventType "swiss"]
[EventCountry "ESP"]
[SourceTitle "playchess.com"]
[Source "ChessBase"]
[SourceQuality "1"]
[TimeControl "5400+30"]

1. d4 Nf6 2. c4 c5 3. d5 g6 4. Nc3 Bg7 5. e4 d6 6. Bd3 O-O 7. h3 e6 8. Nf3 Nbd7 9. O-O e5 10. Bd2 Nh5 11. g3 Ndf6 12. Kg2 h6 13. Be2 Nh7 14. Qc1 f5 15. exf5 gxf5 16. Nh4 N5f6 17. Bxh6 f4 18. Bxg7 Kxg7 19. Bd3 Ng5 20. Nf5+ Bxf5 21. Bxf5 Nxd5 22. Nxd5 Rxf5 23. gxf4 Ne6 24. fxe5 Qh4 25. f4 Rg8 26. Qe3 dxe5 27. Kh2 exf4 28. Rg1+ Kf7 29. Qe4 Qxh3+ 30. Kxh3 Rh5# 0-1

[Event "84th ESP-ch 2019"]
[Site "Marbella"]
[Date "2019.11.22"]
[Round "7.12"]
[White "Berrocal Ruiz, Valentin"]
[Black "Espinosa Aranda, Angel"]
[Result "1/2-1/2"]
[ECO "D03"]
[WhiteElo "2143"]
[BlackElo "2511"]
[Annotator "ChessBase"]
[PlyCount "67"]
[EventDate "2019.11.16"]
[EventType "swiss"]
[EventCountry "ESP"]
[SourceTitle "playchess.com"]
[Source "ChessBase"]
[SourceQuality "1"]
[TimeControl "5400+30"]

1. d4 d5 2. Nf3 Nf6 3. Bg5 Ne4 4. Bf4 g6 5. e3 Bg7 6. Nbd2 c5 7. c3 Nc6 8. Nxe4 dxe4 9. Ng5 cxd4 10. exd4 Bf5 11. g4 e5 12. Bc4 O-O 13. gxf5 exf4 14. Nxf7 Rxf7 15. Bxf7+ Kxf7 16. Qb3+ Kf8 17. fxg6 hxg6 18. Qxb7 Qe8 19. O-O-O e3 20. fxe3 Rb8 21. Qc7 Qxe3+ 22. Kb1 Qf2 23. b3 Qf3 24. Rhf1 Qe4+ 25. Ka1 g5 26. h4 Kg8 27. hxg5 Rf8 28. Rde1 Qg2 29. Rxf4 Qd2 30. Rxf8+ Bxf8 31. Qg3 Ba3 32. Re8+ Kf7 33. Qf3+ Kxe8 34. Qxc6+ 1/2-1/2

[Event "84th ESP-ch 2019"]
[Site "Marbella"]
[Date "2019.11.22"]
[Round "7.13"]
[White "Larino Nieto, David"]
[Black "Perez Garcia, Alejandro"]
[Result "1-0"]
[ECO "B18"]
[WhiteElo "2473"]
[BlackElo "2343"]
[Annotator "ChessBase"]
[PlyCount "95"]
[EventDate "2019.11.16"]
[EventType "swiss"]
[EventCountry "ESP"]
[SourceTitle "playchess.com"]
[Source "ChessBase"]
[SourceQuality "1"]
[TimeControl "5400+30"]

1. e4 c6 2. d4 d5 3. Nd2 dxe4 4. Nxe4 Bf5 5. Ng3 Bg6 6. Bc4 e6 7. N1e2 Bd6 8. O-O Nf6 9. f4 Qc7 10. f5 exf5 11. Nxf5 Bxh2+ 12. Kh1 O-O 13. g3 Ng4 14. Bd3 Nd7 15. Ne7+ Kh8 16. Nxg6+ fxg6 17. Nf4 Ndf6 18. Qf3 Qf7 19. Kg2 Rae8 20. Bd2 g5 21. Nh3 Ne3+ 22. Bxe3 g4 23. Qf5 gxh3+ 24. Kxh2 Rxe3 25. Qxh3 h5 26. Kg1 Qd5 27. Rf4 g5 28. Rf5 Qxd4 29. Kh1 Rfe8 30. Raf1 h4 31. Rxf6 Rxg3 32. Qf5 Qd5+ 33. Qxd5 cxd5 34. Rh6+ Kg7 35. Rg6+ Kh8 36. Kh2 Ree3 37. Rf8+ Kh7 38. Rf7+ Kh8 39. Rd6 Rh3+ 40. Kg2 Reg3+ 41. Kf2 Rh2+ 42. Ke1 Re3+ 43. Kd1 Kg8 44. Rxb7 Re8 45. Rg6+ Kf8 46. Rxg5 d4 47. Rf5+ Kg8 48. Bc4+ 1-0

[Event "84th ESP-ch 2019"]
[Site "Marbella"]
[Date "2019.11.22"]
[Round "7.14"]
[White "Tejedor Fuente, Enrique"]
[Black "Guerra Rivera, Salvador"]
[Result "1-0"]
[ECO "C03"]
[WhiteElo "2457"]
[BlackElo "2334"]
[Annotator "ChessBase"]
[PlyCount "75"]
[EventDate "2019.11.16"]
[EventType "swiss"]
[EventCountry "ESP"]
[SourceTitle "playchess.com"]
[Source "ChessBase"]
[SourceQuality "1"]
[TimeControl "5400+30"]

1. e4 e6 2. d4 d5 3. Nd2 Be7 4. Ngf3 Nf6 5. e5 Nfd7 6. c4 dxc4 7. Nxc4 Nb6 8. a3 N8d7 9. Ne3 Nf8 10. Bd3 Nd5 11. O-O Bd7 12. Nxd5 exd5 13. Qb3 Bc8 14. Be3 Ne6 15. Qc2 g6 16. Bh6 Bf8 17. Qd2 Qe7 18. Bxf8 Kxf8 19. Qh6+ Kg8 20. Rac1 a5 21. g3 c6 22. Qe3 Ng7 23. Nh4 Bh3 24. Rfe1 Qe6 25. Rc3 Re8 26. Rb3 c5 27. Bb5 Rc8 28. dxc5 d4 29. Qd3 Nf5 30. Bc4 Qc6 31. Nf3 Kg7 32. Rb5 h5 33. Re4 h4 34. g4 Rhe8 35. e6 f6 36. Rf4 Nh6 37. Nxh4 g5 38. Qg6+ 1-0

[Event "84th ESP-ch 2019"]
[Site "Marbella"]
[Date "2019.11.22"]
[Round "7.15"]
[White "Calzetta Ruiz, Monica"]
[Black "Bernabeu Lopez, Carlos Javier"]
[Result "1-0"]
[ECO "C91"]
[WhiteElo "2251"]
[BlackElo "2366"]
[Annotator "ChessBase"]
[PlyCount "79"]
[EventDate "2019.11.16"]
[EventType "swiss"]
[EventCountry "ESP"]
[SourceTitle "playchess.com"]
[Source "ChessBase"]
[SourceQuality "1"]
[TimeControl "5400+30"]

1. e4 e5 2. Nf3 Nc6 3. Bb5 a6 4. Ba4 Nf6 5. O-O Be7 6. Re1 b5 7. Bb3 O-O 8. d4 d6 9. c3 Bg4 10. d5 Na5 11. Bc2 Qc8 12. h3 Bd7 13. Nbd2 c6 14. dxc6 Qxc6 15. Nf1 h6 16. Ng3 Rfe8 17. Nh4 Bf8 18. Nhf5 Kh7 19. Qf3 Ng8 20. Rd1 Be6 21. h4 g6 22. Ne3 h5 23. Nxh5 gxh5 24. Qxh5+ Kg7 25. Rd3 Qxe4 26. Nf5+ Bxf5 27. Rg3+ Kf6 28. Bxe4 Bxe4 29. Rxg8 Ke6 30. Be3 Nc4 31. Re1 Bf5 32. b3 Nb2 33. Rg5 Be4 34. Bc1 Nd3 35. Rxe4 Nxc1 36. Qg4+ Ke7 37. Rf5 Nxa2 38. Qf3 Rac8 39. Rxf7+ Kd8 40. Rxf8 1-0

[Event "84th ESP-ch 2019"]
[Site "Marbella"]
[Date "2019.11.22"]
[Round "7.16"]
[White "Perera Borrego, Maria Adela"]
[Black "Garcia Ramos, Daniel"]
[Result "1/2-1/2"]
[ECO "A50"]
[WhiteElo "2201"]
[BlackElo "2350"]
[Annotator "RC"]
[PlyCount "82"]
[EventDate "2019.11.16"]
[EventType "swiss"]
[EventCountry "ESP"]
[SourceTitle "playchess.com"]
[Source "ChessBase"]
[SourceQuality "1"]
[TimeControl "5400+30"]

1. d4 Nf6 2. c4 b6 3. Nc3 Bb7 4. Nf3 g6 5. Qc2 d5 6. cxd5 Nxd5 7. Nxd5 Bxd5 8. e4 Bb7 9. Bf4 Bg7 10. Bxc7 Qc8 11. Bb5+ Nd7 12. O-O O-O 13. Rfe1 a6 14. Bxd7 Qxd7 15. Bxb6 f5 16. Qb3+ Kh8 17. Ne5 Bxe5 18. dxe5 Bxe4 19. e6 Qb5 20. Qe3 Kg8 21. Rad1 f4 22. Qxe4 Qxb6 23. Qd4 Rab8 24. Qxb6 Rxb6 25. b3 Kg7 26. Re4 Rf5 27. g4 fxg3 28. hxg3 Kf6 29. Rd8 Re5 30. Rf8+ Kxe6 31. Rxe5+ Kxe5 32. Rf7 Re6 33. Rxh7 Kd4 34. Rh4+ Kd3 35. Rc4 g5 36. Kg2 Re5 37. Ra4 a5 38. f4 gxf4 39. gxf4 Rc5 40. Kf3 e5 41. fxe5 Rxe5 {[%emt 0:00:01] Ke4+} 1/2-1/2

[Event "84th ESP-ch 2019"]
[Site "Marbella"]
[Date "2019.11.22"]
[Round "7.17"]
[White "Pazos Porta, Antonio"]
[Black "Guillo Longares, Cecilia"]
[Result "1-0"]
[ECO "B36"]
[WhiteElo "2345"]
[BlackElo "2100"]
[Annotator "ChessBase"]
[PlyCount "103"]
[EventDate "2019.11.16"]
[EventType "swiss"]
[EventCountry "ESP"]
[SourceTitle "playchess.com"]
[Source "ChessBase"]
[SourceQuality "1"]
[TimeControl "5400+30"]

1. e4 c5 2. Nf3 Nc6 3. d4 cxd4 4. Nxd4 g6 5. c4 Nf6 6. Nc3 d6 7. Be2 Nxd4 8. Qxd4 Bg7 9. Be3 O-O 10. Qd2 a5 11. O-O a4 12. Rab1 Be6 13. f3 Qa5 14. Rfc1 Rfc8 15. b4 axb3 16. axb3 Qb4 17. Qc2 Nd7 18. Nb5 Qa5 19. Nd4 Qa2 20. Qd1 Qa7 21. Nf5 b6 22. Nxe7+ Kh8 23. Nxc8 Rxc8 24. Qxd6 Be5 25. Bd4 Bxd4+ 26. Qxd4+ Kg8 27. f4 Qc7 28. e5 Nc5 29. Qd6 Bf5 30. Qxc7 Rxc7 31. Rb2 Bd3 32. Rc3 Bf5 33. Ra2 Ne4 34. Re3 Nc5 35. Ra8+ Kg7 36. Rb8 Nd7 37. Rd8 Ra7 38. h3 h5 39. Kh2 Ra2 40. e6 Bxe6 41. Rxe6 fxe6 42. Rxd7+ Kf6 43. Bf3 Rb2 44. Rd3 Kf5 45. Kg3 h4+ 46. Kxh4 Kxf4 47. Rd6 e5 48. Rf6+ Ke3 49. Rxb6 Kd3 50. c5 e4 51. Rd6+ Ke3 52. Re6 1-0

[Event "84th ESP-ch 2019"]
[Site "Marbella"]
[Date "2019.11.22"]
[Round "7.18"]
[White "Hernando Rodrigo, Inmaculada"]
[Black "Valmana Canto, Jaime"]
[Result "0-1"]
[ECO "A46"]
[WhiteElo "1863"]
[BlackElo "2416"]
[Annotator "ChessBase"]
[PlyCount "70"]
[EventDate "2019.11.16"]
[EventType "swiss"]
[EventCountry "ESP"]
[SourceTitle "playchess.com"]
[Source "ChessBase"]
[SourceQuality "1"]
[TimeControl "5400+30"]

1. d4 Nf6 2. Nf3 d6 3. h3 g6 4. Bf4 Bg7 5. e3 O-O 6. Be2 Nbd7 7. O-O b6 8. Nbd2 Bb7 9. c3 Ne4 10. Nxe4 Bxe4 11. Nd2 Bb7 12. Bf3 Qc8 13. Bxb7 Qxb7 14. Qg4 c5 15. Qh4 Rfe8 16. Bh6 Bh8 17. f4 f5 18. Nf3 Nf6 19. Ng5 e6 20. Rae1 Ne4 21. Nxe4 Qxe4 22. Bg5 Bg7 23. Rf3 Kf7 24. Rg3 h6 25. dxc5 bxc5 26. Rd1 d5 27. c4 Qxc4 28. Bxh6 Bf6 29. Rxg6 Bxh4 30. Rg7+ Kf6 31. g4 fxg4 32. hxg4 Qe2 33. g5+ Kf5 34. e4+ Kg4 35. Rf1 Kg3 0-1